 Dungeon Crawl Stone Soup version 0.19.1 (webtiles) character file.

345016 JeffiDaFish the Peltast (level 22, -4/130 HPs)
             Began as a Gargoyle Fighter on Dec 16, 2016.
             Was the Champion of Makhleb.
             Slain by an ettin
             ... wielding a +0 dire flail
              (27 damage)
             ... on level 4 of the Vaults on Dec 17, 2016.
             The game lasted 02:16:22 (37139 turns).

JeffiDaFish the Peltast (Gargoyle Fighter)         Turns: 37139, Time: 02:16:23

Health: -4/130     AC: 51    Str: 30    XL:     22   Next: 9%
Magic:  29/35      EV:  7    Int: 17    God:    Makhleb [******]
Gold:   2982       SH: 27    Dex: 17    Spells: 3 memorised, 27 levels left

rFire  . . .     SeeInvis .     G - +7 eveningstar (crush)
rCold  . . .     Gourm    .     H - +6 plate armour {MR+}
rNeg   + . .     Faith    .     b - +1 large shield
rPois  ∞         Spirit   .     g - +2 helmet
rElec  +         Reflect  +     F - +2 cloak of the Realm of Zot {MR+ Int+8 Dex+2 Stlth-}
rCorr  .         Harm     .     k - +1 pair of gloves
MR     +++++                    y - +2 pair of boots of the Assassin {DetectMon Stab+ Stlth++}
Stlth  ..........               i - +3 amulet of reflection
                                w - ring "Suonwies" {+Fly MR++ Str+6}
                                q - +4 ring of protection

@: corroded, flying, very slightly contaminated, drained
A: big wings, frail 1, negative energy resistance 1, screaming 1, electricity
resistance, unbreathing, petrification resistance, rot immunity, AC +16
a: Stop Flying, Minor Destruction, Lesser Servant of Makhleb, Major Destruction,
Greater Servant of Makhleb, Renounce Religion
}: 2/15 runes: decaying, gossamer


You were on level 4 of the Vaults.
You worshipped Makhleb.
Makhleb was exalted by your worship.
You were not hungry.

You visited 7 branches of the dungeon, and saw 37 of its levels.
You visited 1 bazaar.
You also visited: Labyrinth, Sewer and Ice Cave.

You collected 4235 gold pieces.
You spent 1253 gold pieces at shops.

Inventory:

Hand Weapons
 G - a +7 eveningstar of crushing (weapon)
Armour
 b - a +1 large shield (worn)
 g - a +2 helmet (worn)
 k - a +1 pair of gloves (worn)
 y - the +2 pair of boots of the Assassin (worn) {DetectMon Stab+ Stlth++}
   (You acquired it on level 2 of the Lair of Beasts)

   It makes you much more stealthy.
 F - the +2 cloak of the Realm of Zot (worn) {MR+ Int+8 Dex+2 Stlth-}
   (You acquired it on level 13 of the Dungeon)

   It affects your intelligence (+8).
   It affects your dexterity (+2).
   It affects your resistance to hostile enchantments.
   It makes you less stealthy.
 H - a +6 plate armour of magic resistance (worn)
Jewellery
 i - a +3 amulet of reflection (around neck)
 q - a +4 ring of protection (left hand)
 w - the ring "Suonwies" (right hand) {+Fly MR++ Str+6}
   (You took it off a minotaur in a labyrinth)

   [ring of flight]

   It affects your strength (+6).
   It affects your resistance to hostile enchantments.
   It lets you fly.
 M - an uncursed ring of see invisible
Wands
 e - a wand of teleportation (0/9)
Scrolls
 j - 8 scrolls of teleportation
 l - 9 scrolls of recharging
 o - 19 scrolls of remove curse
 p - 6 scrolls of fear
 r - 7 scrolls of fog
 s - 10 scrolls of identify
 u - a scroll of blinking
 x - 10 scrolls of amnesia
 I - 5 scrolls of magic mapping
Potions
 d - 4 potions of might
 v - 4 potions of brilliance
 A - 10 potions of curing
 B - 7 potions of ambrosia
 D - 5 potions of haste
 E - a potion of magic
 L - a potion of resistance
 N - 2 potions of berserk rage
 P - 2 potions of cancellation
Books
 t - a book of Flames

   Spells                             Type                      Level
   a - Flame Tongue                   Conjuration/Fire             1
   b - Throw Flame                    Conjuration/Fire             2
   c - Conjure Flame                  Conjuration/Fire             3
   d - Inner Flame                    Hexes/Fire                   3
   e - Sticky Flame                   Conjuration/Fire             4
   f - Fireball                       Conjuration/Fire             5
 C - a book of Geomancy

   Spells                             Type                      Level
   a - Sandblast                      Earth                        1
   b - Passwall                       Transmutation/Earth          2
   c - Stone Arrow                    Conjuration/Earth            3
   d - Petrify                        Transmutation/Earth          4
   e - Lee's Rapid Deconstruction     Earth                        5
 J - a book of Power

   Spells                             Type                      Level
   a - Fulminant Prism                Conjuration/Hexes            4
   b - Iskenderun's Mystic Blast      Conjuration                  4
   c - Venom Bolt                     Conjuration/Poison           5
   d - Bolt of Magma                  Conjuration/Fire/Earth       5
   e - Iron Shot                      Conjuration/Earth            6
   f - Orb of Destruction             Conjuration                  7
   g - Spellforged Servitor           Conjuration/Summoning        7
Comestibles
 a - 34 fruits
 c - 30 chunks of flesh
 f - 22 bread rations
 m - 10 slices of pizza
 n - 21 meat rations
 z - 10 beef jerkies
 Q - a royal jelly


   Skills:
 * Level 17.4 Fighting
 * Level 17.0 Maces & Flails
 * Level 17.7 Armour
 - Level 0.4(0.3) Dodging
 - Level 0.2 Stealth
 * Level 17.8 Shields
 - Level 0.4(0.3) Unarmed Combat
 + Level 9.7 Spellcasting
 + Level 11.9(11.8) Conjurations
 + Level 11.1 Fire Magic
 - Level 9.4(9.3) Evocations


You had 27 spell levels left.
You knew the following spells:

 Your Spells              Type           Power        Failure   Level  Hunger
a - Sticky Flame          Conj/Fire      #####...     12%         4    ###....
b - Iskenderun's Mystic   Conj           #####...     10%         4    ###....
c - Fireball              Conj/Fire      #####.....   30%         5    #####..


Dungeon Overview and Level Annotations

Branches:
Dungeon (15/15)            Temple (1/1) D:5            Lair (6/6) D:10
  Swamp (4/4) Lair:4       Spider (4/4) Lair:2        Slime (0/5) Lair:6
    Orc (2/2) D:10            Elf (0/3) Orc:2        Vaults (5/5) D:13
  Crypt (0/3) Vaults:3     Depths (0/5) D:15

Altars:
Ashenzari
Cheibriados
Dithmenos
Elyvilon
Fedhas
Gozag
Hepliaklqana
Kikubaaqudgha
Makhleb
Nemelex Xobeh
Okawaru
Qazlal
Sif Muna
Trog
Uskayaw
Vehumet
Xom
Yredelemnul
Zin
The Shining One
Beogh
Jiyva

Shops:
D:13 ??=   Orc:2 ?}:}   Vaults:1 !   Vaults:2 %   Vaults:3 (   Vaults:4 !


Innate Abilities, Weirdness & Mutations

You are resistant to torment.
Your stone body is resilient. (AC +16)
You are immune to poison.
Your large and strong wings let you fly indefinitely.
You resist negative energy. (rN+)
You are resistant to electric shocks. (rElec)
You can survive without breathing.
You are immune to petrification.
You are immune to rotting.
You are frail. (-10% HP)
You occasionally shout uncontrollably at your foes.


Message History

You thump the yaktaur captain!
The yaktaur captain is lightly wounded.
The ettin burns!
You block the yaktaur captain's attack. You block the vault guard's attack.
The ettin hits you with a dire flail!
* * * LOW HITPOINT WARNING * * *
You block the ettin's attack.
You feel better.
The ettin burns!
The tengu reaver gestures wildly while chanting.
The tengu reaver conjures a globe of magical energy!
You block the yaktaur captain's attack. You block the vault guard's attack.
You block the ettin's attack. x2
You shout at the battlesphere!
A battlesphere comes into view.
You feel better.
The ettin burns!
The ettin stops burning.
You block the tengu reaver's attack.
The tengu reaver pecks you but does no damage.
You block the tengu reaver's attack.
The yaktaur captain hits you but does no damage.
The ettin hits you with a dire flail!!
You die...

.'##.##......#...................
##.####......#...................
#...'.###'####..[................
#...#..........................##
#...#..........................#.
##.##................[.........##
####)..........................#.
.....).....#####p#######.......##
...........# ##@c.## #.......#.
...........# ##QC[..## #.......#.
....###....###.*.[...###.......#.
##..'.#....##..##'##..##.......##
.##.#.#....#...#...#...'.....).'.
..###.#....#...#...#...#.......##
...#.##....#...#...#...).......#.
....##.....##..#####..##.(.....##
...##......###.......###.<(....#.


You could see a tengu reaver, a yaktaur captain, a vault guard, an ettin and a
battlesphere.

Vanquished Creatures
  the Lernaean hydra (Swamp:4)
  Nikola (Swamp:3)
  Jory (Vaults:3)
  Jorgrun (Spider:2)
  Rupert (Spider:1)
  Asterion (Vaults:3)
  4 sphinxes
  A storm dragon (D:15)
  2 shadow dragons
  A tengu reaver (Vaults:5)
  3 thorn hunters
  Donald (Swamp:2)
  The ghost of Sin92 the Fencer, a journeyman MiFi of Okawaru (Swamp:4)
  A fire giant (Vaults:4)
  2 deep elf sorcerers
  6 ghost moths
  A ghoul (Vaults:3)
  2 orc warlords
  11 emperor scorpions
  8 vault wardens
  11 very ugly things
  2 entropy weavers
  10 ironheart preservers
  The ghost of Yackwabbit the Basher, a journeyman MiFi of Okawaru (D:13)
  3 stone giants
  A deep elf annihilator (Vaults:5)
  A spark wasp (shapeshifter) (D:15)
  3 spark wasps
  5 ettins
  The ghost of Spif the Severer, a journeyman MiFi of Okawaru (D:13)
  The ghost of elan the Carver, a journeyman FoFi of Ru (D:11)
  Snorg (Lair:6)
  A minotaur (Lab)
  6 ogre magi
  5 yaktaur captains
  29 vault guards
  2 fire dragons
  A deep elf high priest (Vaults:5)
  A great orb of eyes (Vaults:3)
  Fannar (Orc:1)
  4 ice dragons (Vaults:4)
  4 rakshasas
  Harold (Lair:4)
  A hell beast (D:12)
  3 ghost crabs
  23 hydras
  A catoblepas (D:15)
  3 death knights
  17 death yaks
  2 deep troll earth magi (D:15)
  17 centaur warriors
  6 alligators
  A vampire mage (Vaults:3)
  2 tengu warriors (D:13)
  Urug (Lair:3)
  4 orc high priests (Orc:2)
  Sonja (Lair:4)
  6 deep elf knights
  7 skeletal warriors
  A death drake (Swamp:3)
  11 swamp dragons
  5 unseen horrors
  2 shadow wraiths (Vaults:4)
  2 spriggan druids (Swamp:4)
  A deep troll (Vaults:3)
  3 wizards
  2 deep elf archers
  3 shambling mangroves
  10 hill giants
  21 orc knights
  4 phantasmal warriors
  3 spectral hydras (Swamp:3)
  3 necromancers
  3 flayed ghosts
  19 orb spiders
  A harpy (shapeshifter) (D:15)
  16 ironbrand convokers
  4 large abominations (Swamp:3)
  11 deep elf magi
  8 ugly things
  9 orc sorcerers
  2 manticores (D:15)
  27 wolf spiders
  14 cyclopes
  4 moths of wrath
  3 ice statues (IceCv)
  A rust devil (D:12)
  5 centaur zombies
  A black mamba (Lair:1)
  8 elephants
  A guardian serpent (D:14)
  7 vault sentinels
  A torpor snail (Spider:2)
  An eye of devastation (shapeshifter) (Vaults:4)
  4 gargoyles
  A spiny frog (shapeshifter) (Vaults:4)
  18 spiny frogs
  15 yaktaurs
  An orange demon (D:12)
  An efreet (D:15)
  A kobold demonologist (D:8)
  6 freezing wraiths
  A rime drake (Lair:4)
  8 swamp worm zombies (Swamp:3)
  10 komodo dragons
  8 ice devils (IceCv)
  A tengu conjurer (D:13)
  7 demonic crawlers
  A meliai (D:13)
  2 queen bees (shapeshifter)
  A troll (shapeshifter) (D:15)
  4 polar bears
  3 tyrant leeches
  A hornet (shapeshifter) (Vaults:3)
  8 trolls
  32 jumping spiders
  21 hornets
  12 blink frogs
  2 alligator zombies (Swamp:3)
  10 two-headed ogres
  A blink frog (shapeshifter) (Vaults:2)
  3 spectral swamp dragons (Swamp:3)
  6 bog bodies
  A snapping turtle (shapeshifter) (Vaults:1)
  A sphinx simulacrum (Vaults:1)
  2 dream sheep (D:9)
  Prince Ribbit (D:7)
  34 slime creatures
  9 hippogriffs
  82 redbacks
  2 vampires
  A centaur simulacrum (D:15)
  7 shadows
  Eustachio (D:6)
  21 tarantellas
  2 wyverns
  59 yaks
  22 spriggans
  6 wraiths
  4 fire bats (D:9)
  2 tyrant leech zombies (Swamp:3)
  6 vampire mosquitoes
  5 hungry ghosts
  6 basilisks
  A steam dragon (D:10)
  Menkaure (D:6)
  10 wargs
  16 insubstantial wisps
  26 swamp worms
  3 mottled dragons
  11 water moccasins
  A spiny frog zombie (Swamp:3)
  A hell hound (shapeshifter) (D:15)
  A hell hound (D:9)
  2 floating eyes (shapeshifter)
  10 porcupines
  2 black bears
  A hornet zombie (D:12)
  71 orc warriors
  11 swamp drakes
  3 ice beasts
  4 phantoms
  3 sky beasts
  An ettin simulacrum (Vaults:3)
  45 ogres
  A necrophage (D:6)
  22 wolves
  6 boggarts
  27 centaurs
  12 big kobolds
  19 crocodiles
  Blork the orc (D:6)
  30 bullfrogs
  A glowing shapeshifter simulacrum (Vaults:3)
  A scorpion (D:10)
  2 spriggan zombies (Swamp:3)
  8 wights
  6 killer bees (D:12)
  3 troll zombies (Swamp:3)
  2 howler monkeys
  4 electric eels
  9 crimson imps
  2 lava snakes (D:9)
  9 jellies
  13 centaur skeletons
  32 orc priests
  4 hounds
  A jelly (shapeshifter) (Vaults:5)
  26 orc wizards
  7 iron imps (D:12)
  3 iguanas
  Terence (D:3)
  Natasha (thrice) (D:4)
  Ijyb (D:2)
  11 worker ants
  7 hell rats (Lair:6)
  2 spriggan simulacra (IceCv)
  4 troll simulacra (IceCv)
  A hound zombie (D:9)
  Robin (D:2)
  4 gnolls (D:7)
  13 adders
  4 naga simulacra (IceCv)
  3 shadow imps
  3 oozes
  An adder zombie (D:6)
  2 worms
  A dart slug (D:1)
  5 leopard geckos
  152 orcs
  12 bats
  5 giant cockroaches
  11 goblins
  9 hobgoblins
  14 jackals
  5 quokkas
  A ball python (D:4)
  8 frilled lizards
  28 kobolds
  A leopard gecko skeleton (D:6)
  A quokka skeleton (D:9)
  5 rats
  A briar patch (Swamp:4)
  3 fire vortices (D:9)
  A plant (Lair:2)
  A withered plant (Swamp:3)
1720 creatures vanquished.

Vanquished Creatures (others)
  A yaktaur captain (Vaults:4)
  3 cyclopes
  4 yaktaurs
  A jumping spider (Spider:3)
  2 hornets
  2 spriggans
  A wyvern (D:10)
  A water moccasin (Lair:6)
  A sky beast (D:15)
  3 centaurs
  A crimson imp (D:15)
  A shadow imp (D:10)
  3 orcs
  6 fungi
  8 plants
38 creatures vanquished.

Grand Total: 1758 creatures vanquished

Notes
Turn   | Place    | Note
-------+----------+-------------------------------------------
     0 | D:1      | JeffiDaFish the Gargoyle Fighter began the quest for the Orb.
     0 | D:1      | Reached XP level 1. HP: 14/14 MP: 1/1
    71 | D:1      | Reached XP level 2. HP: 17/19 MP: 2/2
   618 | D:2      | Reached XP level 3. HP: 21/23 MP: 3/3
   826 | D:2      | Noticed Robin
   828 | D:2      | Noticed Ijyb
   845 | D:2      | Killed Ijyb
   845 | D:2      | Reached XP level 4. HP: 11/28 MP: 4/4
   850 | D:2      | Killed Robin
  1518 | D:3      | Reached XP level 5. HP: 33/33 MP: 5/5
  1904 | D:3      | Noticed Terence
  1910 | D:3      | Killed Terence
  2101 | D:4      | Reached skill level 5 in Shields
  2246 | D:4      | Reached XP level 6. HP: 35/38 MP: 6/6
  2309 | D:4      | Noticed Natasha
  2318 | D:4      | Killed Natasha
  2333 | D:4      | Found an iron altar of Okawaru.
  2411 | D:4      | Gained mutation: Your body sometimes deteriorates upon taking damage. [potion of mutation]
  2411 | D:4      | Gained mutation: You are agile. (Dex +2) [potion of mutation]
  2411 | D:4      | Gained mutation: You are frail. (-10% HP) [potion of mutation]
  2423 | D:4      | Noticed Natasha
  2430 | D:4      | Killed Natasha
  2447 | D:4      | Noticed Natasha
  2454 | D:4      | Killed Natasha
  3289 | D:4      | Reached XP level 7. HP: 14/38 MP: 7/7
  3628 | D:5      | Entered Level 5 of the Dungeon
  3767 | D:5      | Reached skill level 5 in Maces & Flails
  3789 | D:5      | Found a glowing drain.
  3794 | Sewer    | Entered a sewer
  3981 | D:5      | Found a staircase to the Ecumenical Temple.
  3990 | Temple   | Entered the Ecumenical Temple
  4073 | Temple   | Became a worshipper of Makhleb the Destroyer
  4191 | D:5      | Found a blossoming altar of Fedhas.
  4352 | D:5      | Reached XP level 8. HP: 43/43 MP: 8/8
  4653 | D:5      | Lost mutation: You are agile. (Dex +2) [potion of cure mutation]
  4653 | D:5      | Lost mutation: Your body sometimes deteriorates upon taking damage. [potion of cure mutation]
  4653 | D:5      | Lost mutation: You are frail. (-10% HP) [potion of cure mutation]
  4835 | D:6      | Reached skill level 5 in Fighting
  4861 | D:6      | Reached skill level 5 in Armour
  4886 | D:6      | Reached skill level 1 in Evocations
  5165 | D:6      | Noticed a two-headed ogre
  5171 | D:6      | Killed a two-headed ogre
  5271 | D:6      | Noticed Blork the orc
  5273 | D:6      | Noticed Eustachio
  5276 | D:6      | Noticed Menkaure
  5279 | D:6      | Killed Blork the orc
  5281 | D:6      | Reached XP level 9. HP: 55/55 MP: 10/10
  5296 | D:6      | Reached * piety under Makhleb
  5312 | D:6      | Killed Menkaure
  5323 | D:6      | Killed Eustachio
  5813 | D:7      | Noticed Prince Ribbit
  5831 | D:7      | Killed Prince Ribbit
  5910 | D:7      | Reached ** piety under Makhleb
  6351 | D:8      | Reached XP level 10. HP: 62/63 MP: 12/12
  6594 | D:8      | Found a white marble altar of Elyvilon.
  6757 | D:8      | Noticed a kobold demonologist
  6768 | D:8      | Killed a kobold demonologist
  6904 | D:9      | Reached *** piety under Makhleb
  7215 | D:9      | Noticed a three-headed hydra
  7226 | D:9      | Killed a three-headed hydra
  7297 | D:9      | Reached XP level 11. HP: 69/69 MP: 12/14
  7378 | D:10     | Entered Level 10 of the Dungeon
  7430 | D:10     | Reached skill level 10 in Shields
  7566 | D:10     | Noticed a hill giant
  7579 | D:10     | Killed a hill giant
  7749 | D:10     | Learned a level 4 spell: Sticky Flame
  7783 | D:10     | Found a staircase to the Lair.
  7857 | D:10     | Noticed a hill giant
  7867 | D:10     | Killed a hill giant
  7975 | D:10     | Reached **** piety under Makhleb
  8069 | D:10     | Reached skill level 1 in Conjurations
  8134 | D:10     | Reached skill level 1 in Fire Magic
  8151 | D:10     | Found a staircase to the Orcish Mines.
  8247 | Lair:1   | Entered Level 1 of the Lair of Beasts
  8386 | Lair:1   | Reached skill level 1 in Spellcasting
  8506 | Lair:1   | Reached skill level 5 in Evocations
  8886 | Lair:1   | Reached XP level 12. HP: 77/77 MP: 15/15
  9345 | Lair:2   | Found a labyrinth entrance.
  9363 | Lab      | Entered a labyrinth
 10372 | Lab      | Noticed a minotaur
 10387 | Lab      | Killed a minotaur
 10387 | Lab      | Reached skill level 10 in Fighting
 10387 | Lab      | Reached skill level 10 in Maces & Flails
 10387 | Lab      | Reached skill level 10 in Armour
 10390 | Lab      | Got a translucent pewter ring
 10414 | Lab      | Identified the ring "Suonwies" {+Fly MR++ Str+6} (You took it off a minotaur in a labyrinth)
 10443 | Lair:2   | Identified a scroll of acquirement
 10760 | Lair:2   | Found a hole to the Spider Nest.
 11164 | Lair:3   | Reached ***** piety under Makhleb
 11223 | Lair:3   | Noticed a death yak
 11224 | Lair:3   | Noticed a death yak
 11225 | Lair:3   | Noticed a death yak
 11225 | Lair:3   | Noticed a death yak
 11225 | Lair:3   | Noticed a death yak
 11226 | Lair:3   | Noticed a death yak
 11226 | Lair:3   | Noticed an eight-headed hydra
 11252 | Lair:3   | Killed a death yak
 11262 | Lair:3   | Killed an eight-headed hydra
 11277 | Lair:3   | Killed a death yak
 11291 | Lair:3   | Killed a death yak
 11296 | Lair:3   | Killed a death yak
 11308 | Lair:3   | Killed a death yak
 11311 | Lair:3   | Killed a death yak
 11311 | Lair:3   | Reached XP level 13. HP: 83/83 MP: 17/17
 11352 | Lair:3   | Noticed Urug
 11370 | Lair:3   | Killed Urug
 11912 | Lair:4   | Noticed Sonja
 11928 | Lair:4   | Killed Sonja
 11992 | Lair:4   | Found a staircase to the Swamp.
 12069 | Lair:4   | Noticed Harold
 12081 | Lair:4   | Killed Harold
 13492 | Lair:5   | Found a shadowy altar of Dithmenos.
 14011 | Lair:6   | Entered Level 6 of the Lair of Beasts
 14054 | Lair:6   | Gained mutation: Your large and strong wings let you fly indefinitely. [Gargoyle growth]
 14054 | Lair:6   | Reached XP level 14. HP: 48/90 MP: 20/20
 14069 | Lair:6   | Reached skill level 5 in Conjurations
 14146 | Lair:6   | Found a runed door.
 14148 | Lair:6   | Found a viscous altar of Jiyva.
 14152 | Lair:6   | Found a staircase to the Slime Pits.
 14186 | Lair:6   | Noticed Snorg
 14198 | Lair:6   | Found a frozen archway.
 14241 | Lair:6   | Reached skill level 5 in Fire Magic
 14291 | Lair:6   | Killed Snorg
 14299 | Lair:6   | Reached ****** piety under Makhleb
 14405 | IceCv    | Entered an ice cave
 15153 | Lair:6   | Reached skill level 5 in Spellcasting
 16070 | D:11     | Found a flickering gateway to a bazaar.
 16094 | Bazaar   | Entered a bazaar
 16095 | Bazaar   | Found Vaom's Antique Weapon Boutique.
 16124 | Bazaar   | Found Kyank's Food Boutique.
 16133 | Bazaar   | Found Kiula Qod's Antique Armour Boutique.
 16138 | Bazaar   | Found Mosuimon's Magic Scroll Shop.
 16146 | Bazaar   | Bought a scroll of enchant armour for 75 gold pieces
 16156 | Bazaar   | Bought a runed cloak for 336 gold pieces
 16292 | D:11     | Noticed elan's ghost (journeyman FoFi)
 16326 | D:11     | Killed elan's ghost
 16326 | D:11     | Reached XP level 15. HP: 95/96 MP: 22/22
 16782 | D:12     | Found a basalt altar of Yredelemnul.
 17448 | D:13     | Found a gate to the Vaults.
 17526 | D:13     | Noticed Yackwabbit's ghost (journeyman MiFi)
 17725 | D:13     | Killed Yackwabbit's ghost
 17799 | D:13     | Found Buwnyiwk's Jewellery Boutique.
 17813 | D:13     | Bought an uncursed ring of see invisible for 195 gold pieces
 17884 | D:13     | Identified the cursed +0 mottled dragon scales of Generosity {*Drain +Fly Regen+} (You found it on level 13 of the Dungeon)
 17895 | D:13     | Noticed Spif's ghost (journeyman MiFi)
 17899 | D:13     | Noticed a sphinx
 17914 | D:13     | Killed Spif's ghost
 17921 | D:13     | Killed a sphinx
 17961 | D:13     | Found Otaimaj's Magic Scroll Boutique.
 17988 | D:13     | Bought a scroll of enchant armour for 75 gold pieces
 18001 | D:13     | Found Bampy's Magic Scroll Emporium.
 18009 | D:13     | Bought a scroll of acquirement for 572 gold pieces
 18010 | D:13     | Got a warped cloak
 18021 | D:13     | Identified the +2 cloak of the Realm of Zot {MR+ Int+8 Dex+2 Stlth-} (You acquired it on level 13 of the Dungeon)
 18719 | D:14     | Reached XP level 16. HP: 104/104 MP: 25/25
 19269 | D:14     | Found a glowing golden altar of the Shining One.
 19453 | D:15     | Entered Level 15 of the Dungeon
 19541 | D:15     | Found a glowing silver altar of Zin.
 19542 | D:15     | Found a shimmering altar of Xom.
 19542 | D:15     | Found a shattered altar of Ashenzari.
 19642 | D:15     | Found a staircase to the Depths.
 19888 | D:15     | Noticed a shadow dragon
 19919 | D:15     | Killed a shadow dragon
 20444 | D:15     | Noticed a storm dragon
 20452 | D:15     | Killed a storm dragon
 20759 | Orc:1    | Entered Level 1 of the Orcish Mines
 20762 | Orc:1    | Noticed Fannar
 20961 | Orc:1    | Reached XP level 17. HP: 89/110 MP: 26/26
 20994 | Orc:1    | Killed Fannar
 21510 | Orc:1    | Found a roughly hewn altar of Beogh.
 21681 | Orc:2    | Entered Level 2 of the Orcish Mines
 22115 | Orc:2    | Found a roughly hewn altar of Beogh.
 22254 | Orc:2    | Found Ycwucweag's Magic Scroll Emporium.
 22270 | Orc:2    | Found Retz's Gadget Shoppe.
 22520 | Orc:2    | Gained mutation: You occasionally shout uncontrollably at your foes. [a neqoxec]
 22525 | Orc:2    | HP: 1/111 [sun demon[an orc high priest] (10)]
 22536 | Orc:2    | Found Ixzaun's Gadget Shoppe.
 22549 | Orc:2    | Gained mutation: You are frail. (-10% HP) [a neqoxec]
 22763 | Orc:2    | Found a roughly hewn altar of Beogh.
 22828 | Orc:2    | Found Soker's Book Shop.
 23065 | Orc:2    | Found a staircase to the Elven Halls.
 23656 | Spider:1 | Entered Level 1 of the Spider Nest
 24382 | Spider:1 | Noticed Rupert
 24390 | Spider:1 | Killed Rupert
 24958 | Spider:2 | Noticed Jorgrun
 24980 | Spider:2 | Killed Jorgrun
 24980 | Spider:2 | Reached skill level 15 in Shields
 25253 | Spider:2 | Learned a level 4 spell: Iskenderun's Mystic Blast
 25491 | Spider:2 | Reached XP level 18. HP: 105/105 MP: 28/28
 26358 | Spider:3 | Reached skill level 15 in Armour
 26453 | Spider:4 | Entered Level 4 of the Spider Nest
 26858 | Spider:4 | Got a bone hand crossbow
 26859 | Spider:4 | Identified the +7 hand crossbow of Rodweiw {velocity, +Fly rElec rF- SInv} (You found it on level 4 of the Spider Nest)
 27309 | Spider:4 | Reached skill level 15 in Fighting
 27555 | Spider:4 | Got a gossamer rune of Zot
 27951 | Swamp:1  | Entered Level 1 of the Swamp
 28019 | Swamp:1  | Reached XP level 19. HP: 101/111 MP: 31/31
 28748 | Swamp:2  | Noticed Donald
 28776 | Swamp:2  | Killed Donald
 28810 | Swamp:2  | Reached skill level 15 in Maces & Flails
 28828 | Swamp:2  | Reached skill level 10 in Conjurations
 29332 | Swamp:3  | Noticed Nikola
 29355 | Swamp:3  | Killed Nikola
 30336 | Swamp:4  | Entered Level 4 of the Swamp
 30393 | Swamp:4  | Noticed Sin92's ghost (journeyman MiFi)
 30410 | Swamp:4  | Killed Sin92's ghost
 31060 | Swamp:4  | Noticed the 27-headed Lernaean hydra
 31082 | Swamp:4  | Killed the 27-headed Lernaean hydra
 31098 | Swamp:4  | Reached XP level 20. HP: 83/117 MP: 32/32
 31143 | Swamp:4  | Reached skill level 10 in Fire Magic
 31220 | Swamp:4  | Got a decaying rune of Zot
 31536 | Vaults:1 | Entered Level 1 of the Vaults
 32238 | Vaults:1 | Found Ehogg's Distillery.
 32476 | Vaults:1 | Paralysed by a floating eye for 4 turns
 33233 | Vaults:2 | Learned a level 5 spell: Fireball
 33388 | Vaults:2 | Found Megab's Food Boutique.
 34046 | Vaults:3 | Noticed Jory
 34060 | Vaults:3 | Killed Jory
 34086 | Vaults:3 | Learned a level 4 spell: Fulminant Prism
 34275 | Vaults:3 | Reached XP level 21. HP: 123/123 MP: 34/34
 34592 | Vaults:3 | Found a staircase to the Crypt.
 34748 | Vaults:3 | Found Xonweschuwn's Weapon Shoppe.
 34777 | Vaults:3 | Noticed Asterion
 34793 | Vaults:3 | Killed Asterion
 36292 | Vaults:4 | Found Reguih's Distillery.
 36848 | Vaults:5 | Entered Level 5 of the Vaults
 37073 | Vaults:4 | Reached XP level 22. HP: 130/130 MP: 35/35
 37139 | Vaults:4 | Slain by an ettin

Skill      XL: |  1  2  3  4  5  6  7  8  9 10 11 12 13 14 15 16 17 18 19 20 21 22 |
---------------+-------------------------------------------------------------------+-----
Shields        | 4 5 6 7 8 9 10 11 12 13 14 15 16 17 | 17.8
Maces & Flails | 3 4 5 6 7 8 9 10 11 12 13 14 15 16 17 | 17.0
Fighting       | 4 6 7 8 9 10 11 12 13 14 15 16 17 | 17.4
Armour         | 4 5 7 8 9 10 11 12 13 14 15 16 17 | 17.7
Evocations     | 1 3 4 5 6 7 8 9 |  9.4
Conjurations   | 1 3 4 6 7 8 9 10 11 | 11.9
Fire Magic     | 1 3 4 5 6 7 8 9 10 11 | 11.1
Spellcasting   | 1 3 4 5 6 7 8 9 |  9.7
Dodging        | |  0.4
Stealth        | |  0.2
Unarmed Combat | |  0.4

Action                   |  1- 3 |  4- 6 |  7- 9 | 10-12 | 13-15 | 16-18 | 19-21 | 22-24 || total
-------------------------+-------+-------+-------+-------+-------+-------+-------+-------++-------
Melee: Flail             |   134 |   263 |   180 |       |       |       |       |       ||   577
       Unarmed           |       |     6 |       |       |       |       |       |       ||     6
       Whip              |       |       |   236 |   722 |  1788 |   146 |       |       ||  2892
       Eveningstar       |       |       |       |       |   204 |  2099 |  1927 |    42 ||  4272
 Cast: Sticky Flame      |       |       |       |       |       |       |    44 |     2 ||    46
       Iskenderun's Myst |       |       |       |       |       |       |    18 |       ||    18
 Abil: Fly               |       |       |       |       |     1 |       |       |       ||     1
Evoke: Wand              |       |       |       |       |       |     2 |       |       ||     2
  Use: Scroll            |     6 |     5 |     5 |    12 |    12 |    16 |     8 |       ||    64
       Potion            |     1 |     4 |     5 |     4 |     3 |     6 |     2 |     3 ||    28
 Stab: Distracted        |       |       |       |       |     1 |     1 |       |       ||     2
       Petrified         |       |       |       |       |       |     6 |       |       ||     6
       Petrifying        |       |       |       |       |       |     1 |       |       ||     1
       Invisible         |       |       |       |       |       |     7 |       |       ||     7
  Eat: Chunk             |       |     7 |     7 |    13 |    28 |    30 |    38 |     1 ||   124
       Meat ration       |       |       |     1 |     1 |       |       |       |       ||     2
       Beef jerky        |       |       |       |     1 |       |     1 |       |       ||     2
       Royal jelly       |       |       |       |     1 |       |     1 |       |       ||     2
       Fruit             |       |       |       |       |       |       |     1 |       ||     1
Armor: Scale mail        |    65 |       |       |       |       |       |       |       ||    65
       Plate armour      |    25 |   182 |   175 |   257 |   821 |  2015 |  1216 |    81 ||  4772
       Skin              |       |     1 |       |       |       |       |       |       ||     1
Dodge: Dodged            |    46 |    42 |    21 |    49 |   224 |   489 |   328 |    24 ||  1223
Block: Shield            |    85 |   156 |       |       |       |       |       |       ||   241
       Large shield      |       |     6 |   318 |   468 |  1552 |  3535 |  2369 |   120 ||  8368
       Reflection        |       |       |       |       |       |    28 |    94 |     1 ||   123
